 Dungeon Crawl Stone Soup version 0.29.0-5-ge4962eb29e (webtiles) character file.

Game seed: 1810353400360281480

14 xian the Stinger (level 2, 0/20 HPs)
             Began as a Draconian Venom Mage on Aug 30, 2022.
             Slain by a goblin
             ... wielding a +0 club
              (4 damage)
             ... on level 1 of the Dungeon.
             The game lasted 00:00:40 (124 turns).

xian the Stinger (Draconian Venom Mage)              Turns: 124, Time: 00:00:40

Health: 0/20       AC:  4    Str: 10    XL:     2   Next: 27%
Magic:  0/5        EV: 12    Int: 15    God:
Gold:   9          SH:  0    Dex: 11    Spells: 4/5 levels left

rFire   . . .      SeeInvis .   d - +0 dagger
rCold   . . .      Faith    .   (no shield)
rNeg    . . .      Spirit   .   (body armour unavailable)
rPois   .          Reflect  .   (helmet restricted)
rElec   .          Harm     .   (no cloak)
rCorr   .          Rampage  .   (no gloves)
Will    .....                   (no boots)
Stlth   ++........              (no amulet)
HPRegen 0.06/turn               (no ring)
MPRegen 0.09/turn               (no ring)

@: no status effects
A: AC +4, unfitting armour, cold-blooded
a: no special abilities


You were on level 1 of the Dungeon.
You visited 1 branch of the dungeon, and saw 1 of its levels.

You collected 9 gold pieces.

Inventory:

Hand Weapons
 d - a +0 dagger (weapon)
Scrolls
 b - a scroll of immolation {unknown}
 c - a scroll of teleportation {unknown}
Potions
 a - a potion of magic


   Skills:
 + Level 1.8 Dodging
 + Level 1.8 Stealth
 + Level 2.1 Spellcasting
 + Level 1.0 Transmutations
 + Level 3.5 Poison Magic


You had 4 spell levels left.
You knew the following spells:

 Your Spells              Type           Power      Damage    Failure   Level
a - Sting                 Tmut/Pois      32%        1d4       9%          1

Your spell library contained the following spells:

 Spells                   Type           Power      Damage    Failure   Level
 Poisonous Vapours        Pois/Air       12%        N/A       16%         2
 Mephitic Cloud           Conj/Pois/Air  5%         N/A       38%         3
 Olgreb's Toxic Radiance  Pois           12%        N/A       45%         4


Dungeon Overview and Level Annotations

Branches:
Dungeon (1/15)

Altars:


Innate Abilities, Weirdness & Mutations

Your plain brown scales are hard. (AC +4)
You cannot fit into any form of body armour.
You are cold-blooded and may be slowed by cold attacks.


Message History

d - a +0 dagger The bat hits you but does no damage.
You kill the gnoll!
The bat completely misses you.
You have reached level 2!
The bat hits you.
Really attack while wielding nothing? [Y]es or [N]o only, please.
Really attack while wielding nothing? [Y]es or [N]o only, please.
Really attack while wielding nothing? [Y]es or [N]o only, please.
Really attack while wielding nothing?
Okay, then.
d - a +0 dagger (weapon)
The bat hits you.
You barely miss the bat. The bat barely misses you.
The bat hits you but does no damage.
You closely miss the bat. You tail-slap the bat.
The bat is severely wounded.
The bat misses you. The goblin attacks as you move away!
The goblin completely misses you. The bat hits you.
* * * LOW HITPOINT WARNING * * *
The bat closely misses you. The bat barely misses you.
You hit the bat.
You kill the bat!
You are too injured to fight recklessly!
Aiming: Sting (safe; 9% risk of failure)
Press: ? - help, Q - select action Shift-Dir - straight line, f - goblin
Aim: a goblin, wielding a +0 club (60% to hit)
The sting hits the goblin.
The goblin is poisoned.
The goblin is heavily wounded.
The goblin hits you with a +0 club.
* * * LOW HITPOINT WARNING * * *
You hit the goblin but do no damage.
The goblin is heavily wounded.
The goblin hits you with a +0 club.
You die...

....P##.....#..[.......#
....♣###...##...###.##.#
....♣##...........#..#.####
.....###...##...#.#.......#
....####...######.##.#.##.#
...P##.....# ##†...)..#.#
.....'.##### #g..g.#....# #
.....'.# #g#####.####.#
.♣...'.# #@# #.g.....#
....#### #....#.g#.##.#
....# ####.#..#.######
..P♣P #........... #####
##.######### #...# ..#)#
...#... ....# #b.


You could see a hobgoblin and a goblin (poisoned).

Vanquished Creatures
  A gnoll (D:1)
  A ball python (D:1)
  A bat (D:1)
  A goblin (D:1)
4 creatures vanquished.

Notes
Turn   | Place    | Note
-------+----------+-------------------------------------------
     0 | D:1      | xian the Draconian Venom Mage began the quest for the Orb.
     0 | D:1      | Reached XP level 1. HP: 14/14 MP: 3/3
   116 | D:1      | Reached XP level 2. HP: 9/20 MP: 1/5
   124 | D:1      | Slain by a goblin

Illustrated notes

Levels and vault maps discovered:
D:1:      kennysheep_arrival_seaside, layout_basic,
          nicolae_ecumenical_snake_handling, minmay_tromino_v4_c

Action                   || total
-------------------------++-------
Melee: Dagger            ||     4
       Tailslap          ||     1
 Cast: Sting             ||     6
Armor: Skin              ||     4
Dodge: Dodged            ||     8
